 Dungeon Crawl Stone Soup version 0.24-a0-582-g4d4af813a0 (webtiles) character file.

Game seed: 1686443674893761857

240 DasRunzen the Skirmisher (level 5, -5/48 HPs)
             Began as a Minotaur Fighter on Aug 27, 2019.
             Was an Initiate of Makhleb.
             Slain by an ogre
             ... wielding a +0 giant club
              (6 damage)
             ... on level 4 of the Dungeon.
             The game lasted 00:06:06 (2870 turns).

DasRunzen the Skirmisher (Minotaur Fighter)         Turns: 2870, Time: 00:06:07

Health: -5/48      AC:  7    Str: 21    XL:     5   Next: 80%
Magic:  0/4        EV:  7    Int:  5    God:    Makhleb [......]
Gold:   213        SH:  9    Dex: 10    Spells: 4/4 levels left

rFire    . . .     SeeInvis .   a - +1 war axe
rCold    . . .     Gourm    .   c - +0 shield
rNeg     + . .     Faith    .   b - +0 scale mail
rPois    .         Spirit   +   (helmet restricted)
rElec    .         Reflect  .   (no cloak)
rCorr    .         Harm     .   (no gloves)
MR       .....     Rnd*Tele +   (no boots)
Stlth    ..........             s - amulet of guardian spirit
HPRegen  0.16/turn              r - ring of positive energy
MPRegen  0.09/turn              j - ring of teleportation (curse)

@: lightly drained
A: retaliatory headbutt, horns 2
a: Renounce Religion


You were on level 4 of the Dungeon.
You worshipped Makhleb.
Makhleb was noncommittal.
You were hungry.

You visited 2 branches of the dungeon, and saw 5 of its levels.

You collected 213 gold pieces.

Inventory:

Hand Weapons
 a - a +1 war axe (weapon)
Armour
 b - a +0 scale mail (worn)
 c - a +0 shield (worn)
Jewellery
 j - a cursed ring of teleportation (right hand)
 r - a ring of positive energy (left hand)
 s - an amulet of guardian spirit (around neck)
Wands
 o - a wand of scattershot (6)
Scrolls
 i - 2 scrolls of teleportation
 p - 3 scrolls of identify
Potions
 d - a potion of might
 e - a potion of curing
 g - 3 potions of lignification
 h - 2 potions of resistance {unknown}
 k - a potion of berserk rage {unknown}
 l - 2 potions of degeneration {unknown}
 m - a potion of heal wounds {unknown}
 n - 2 potions of agility {unknown}
Comestibles
 f - 12 rations


   Skills:
 + Level 5.0(4.7) Fighting
 + Level 4.1(3.8) Axes
 + Level 5.0(4.7) Armour
 + Level 5.0(4.7) Shields
 + Level 0.1(0.0) Invocations


You had 4 spell levels left.
You didn't know any spells.
Your spell library was empty.

Dungeon Overview and Level Annotations

Branches:
Dungeon (4/15)             Temple (1/1) D:4

Altars:
Ashenzari
Cheibriados
Dithmenos
Elyvilon
Gozag
Hepliaklqana
Kikubaaqudgha
Makhleb
Nemelex Xobeh
Ru
Sif Muna
Trog
Uskayaw
Vehumet
Yredelemnul
Zin
The Shining One


Innate Abilities, Weirdness & Mutations

You reflexively headbutt those who attack you in melee.
You have a pair of horns on your head.


Message History

The ogre shouts!
The ogre is too close now for your liking.
You see here an adder corpse.
Your shield and scale mail prevent you from hitting the ogre.
You headbutt the ogre!
The ogre is moderately wounded.
The ogre hits you with a +0 giant club!!
You hit the ogre.
The ogre is heavily wounded.
The ogre hits you with a +0 giant club!
You are too injured to fight recklessly!
You are too injured to fight recklessly!
You are too injured to fight recklessly!
You are too injured to fight recklessly!
You hit the ogre but do no damage. You headbutt the ogre.
The ogre is heavily wounded.
The ogre hits you with a +0 giant club!!
* * * LOW HITPOINT WARNING * * *
The ogre hits you with a +0 giant club.
You die...

## .. ### #( #A#
#. ###### ##### #.
#.†..###._.######.
#@##...#...#......
#O##...+...'...###
#.###......#..##
#.# ###.._.####
#.# #.#### #.#
###2#### #.#
####.# #.#
########.#
#........#


You could see an ogre.

Vanquished Creatures
  A hound (D:4)
  An orc wizard (D:3)
  2 worker ants (D:4)
  4 adders
  5 worms
  2 dart slugs
  3 leopard geckos
  4 orcs (D:3)
  2 ball pythons (D:3)
  5 giant cockroaches
  4 goblins
  10 hobgoblins
  8 jackals (D:2)
  11 kobolds
  5 bats
  4 frilled lizards (D:1)
  6 rats
77 creatures vanquished.

Notes
Turn   | Place    | Note
-------+----------+-------------------------------------------
     0 | D:1      | DasRunzen the Minotaur Fighter began the quest for the Orb.
     0 | D:1      | Reached XP level 1. HP: 19/19 MP: 0/0
    41 | D:1      | Reached XP level 2. HP: 25/27 MP: 1/1
   824 | D:2      | Reached XP level 3. HP: 31/33 MP: 2/2
   964 | D:2      | Found a shadowy altar of Dithmenos.
  1239 | D:2      | Found a white marble altar of Elyvilon.
  1390 | D:2      | Reached XP level 4. HP: 41/41 MP: 3/3
  1819 | D:3      | Reached XP level 5. HP: 9/47 MP: 2/4
  2138 | D:3      | Found a faded altar of an unknown god.
  2458 | D:4      | Reached skill level 5 in Fighting
  2458 | D:4      | Reached skill level 5 in Armour
  2458 | D:4      | Reached skill level 5 in Shields
  2534 | D:4      | Found a staircase to the Ecumenical Temple.
  2556 | Temple   | Entered the Ecumenical Temple
  2850 | D:4      | Found a burning altar of Makhleb.
  2850 | D:4      | Found a glowing silver altar of Zin.
  2851 | D:4      | Noticed an angel
  2851 | D:4      | Noticed a blizzard demon
  2854 | D:4      | Became a worshipper of Makhleb the Destroyer
  2863 | D:4      | Noticed an ogre
  2870 | D:4      | HP: 1/48 [ogre/+0 giant club (18)]
  2870 | D:4      | Slain by an ogre

Levels and vault maps discovered:
D:1:      giann_bridges, layout_basic
D:2:      layout_loops_corners, nicolae_overflow_crystal_walls,
          nicolae_dithmenos_shadow_blocks
D:3:      layout_rooms, chequers_ecumenical_altar_twisty
D:4:      layout_loops_ring, grunt_temple_overflow_order_and_chaos_2,
          minmay_temple_entry_statues_fountains, serial_shops, kennysheep_mini,
          first_ration
Temple:   eino_narrow_crystal_temple

Skill      XL: |  1  2  3  4  5 |
---------------+----------------+-----
Shields        | 4 5 |  5.0
Armour         | 4 5 |  5.0
Fighting       | 4 5 |  5.0
Axes           | 3 4 |  4.1
Invocations    | |  0.1

Action                   |  1- 3 |  4- 6 || total
-------------------------+-------+-------++-------
Melee: War axe           |   114 |    79 ||   193
       Headbutt          |    15 |    15 ||    30
  Use: Scroll            |     1 |    10 ||    11
       Potion            |       |     1 ||     1
  Eat: Chunk             |     2 |     4 ||     6
Armor: Scale mail        |    39 |    50 ||    89
Dodge: Dodged            |    37 |    20 ||    57
Block: Shield            |    60 |    35 ||    95

Table legend:
 A = Non-vault XP
 B = Vault XP
 C = Vault XP percentage of total XP
 D = Non-vault monster count
 E = Vault monster count
 F = Vault count percentage of total count
                 A         B        C        D         E       F
            +---------+---------+-------+---------+---------+-------
      Total |     344 |       0 |   0.0 |      77 |       0 |   0.0
            +---------+---------+-------+---------+---------+-------
        D:1 |      32 |       0 |   0.0 |      20 |       0 |   0.0
        D:2 |      79 |       0 |   0.0 |      29 |       0 |   0.0
        D:3 |      86 |       0 |   0.0 |      21 |       0 |   0.0
        D:4 |     147 |       0 |   0.0 |       7 |       0 |   0.0
            +---------+---------+-------+---------+---------+-------
